 Dungeon Crawl Stone Soup version 0.28.0-45-g0d030f2227 (webtiles) character file.

Game seed: 9884082586600903631

510 Zeld the Conjurer (level 6, 0/43 (50) HPs)
             Began as a Draconian Conjurer on Apr 18, 2022.
             Killed from afar by Dowan (14 damage)
             ... with a puff of flame
             ... on level 4 of the Dungeon.
             The game lasted 00:08:05 (5647 turns).

Zeld the Conjurer (Draconian Conjurer)              Turns: 5647, Time: 00:08:06

HP:   0/43 (50)     AC:  7    Str:  9    XL:     6   Next: 98%
MP:   1/11          EV: 12    Int: 20    God:
Gold: 118           SH:  0    Dex: 10    Spells: 0/11 levels left

rFire   . . .      SeeInvis .   (no weapon)
rCold   . . .      Faith    .   (no shield)
rNeg    . . .      Spirit   .   (armour unavailable)
rPois   .          Reflect  .   (helmet restricted)
rElec   .          Harm     .   (no cloak)
rCorr   .          Rampage  .   m - +0 pair of gloves
Will    .....                   (no boots)
Stlth   ++........              (no amulet)
HPRegen 0.14/turn               (no ring)
MPRegen 0.12/turn               (no ring)

@: heavily drained
A: AC +6, unfitting armour, cold-blooded
a: no special abilities


You were on level 4 of the Dungeon.
You visited 1 branch of the dungeon, and saw 4 of its levels.

You collected 118 gold pieces.

Inventory:

Armour
 m - a +0 pair of gloves (worn)
Scrolls
 a - a scroll of vulnerability {unknown}
 b - a scroll of fog {unknown}
 e - a scroll of magic mapping {unknown}
 f - a scroll of amnesia {unknown}
 g - a scroll of torment {unknown}
 h - 2 scrolls of identify {unknown}
 l - a scroll of enchant armour {unknown}
 q - a scroll of noise {unknown}
Potions
 c - a potion of might {unknown}
 d - 3 potions of cancellation {unknown}
 i - 2 potions of lignification {unknown}
 j - 3 potions of heal wounds {unknown}
 k - a potion of haste
 n - a potion of attraction {unknown}
 o - a potion of resistance {unknown}
 p - 2 potions of curing {unknown}


   Skills:
 + Level 2.8 Fighting
 - Level 3.0 Dodging
 - Level 3.0 Stealth
 + Level 3.3 Spellcasting
 * Level 6.0 Conjurations
 + Level 0.7 Hexes
 + Level 0.9 Translocations


You couldn't memorise any spells.
You knew the following spells:

 Your Spells              Type           Power      Damage    Failure   Level
a - Magic Dart            Conj           100%       1d8       1%          1
b - Searing Ray           Conj           54%        2d6       1%          2
c - Fulminant Prism       Conj/Hex       8%         3d7       34%         4
d - Iskenderun's Mystic   Conj/Tloc      17%        2d5       32%         4

Your spell library contained the following spells:

 Spells                   Type           Power      Damage    Failure   Level
 Static Discharge         Conj/Air       15%        N/A       6%          2
 Dazzling Flash           Conj/Hex       32%        N/A       11%         3
 Stone Arrow              Conj/Erth      30%        3d8       12%         3
 Sandblast                Erth           6%         2d5       14%         1
 Blink                    Tloc           14%        N/A       14%         2
 Passwall                 Tmut/Erth      2%         N/A       21%         2
 Lesser Beckoning         Tloc           7%         N/A       28%         3
 Lightning Bolt           Conj/Air       7%         1d20      73%         5
 Manifold Assault         Tloc           7%         N/A       95%         5
 Maxwell's Capacitive Co  Air            1%         ∞         100%        8


Dungeon Overview and Level Annotations

Branches:
Dungeon (4/15)
 Temple: D:4-7

Altars:

Annotations:
D:4 Dowan, Duvessa


Innate Abilities, Weirdness & Mutations

Your plain brown scales are hard. (AC +6)
You cannot fit into any form of body armour.
You are cold-blooded and may be slowed by cold attacks.


Message History

Duvessa hits you with a +0 short sword!
The searing ray hits Duvessa!
Duvessa is severely wounded.
Duvessa completely misses you.
The searing ray hits Duvessa but does no damage.
Duvessa is severely wounded.
You finish channelling your searing ray.
Duvessa hits you with a +0 short sword. Dowan casts a spell at you.
The puff of flame misses you.
Dowan says, "Magic and the sword, together, will defeat you."
Casting: Searing Ray (safe; 1% risk of failure)
Confirm with . or Enter, or press ? or * to list all spells.
Aiming: Searing Ray (safe; 1% risk of failure)
Press: ? - help, Shift-Dir - straight line, f - Dowan, p - Duvessa
Aim: Dowan, wielding a +0 trident and wearing a +0 robe (lightly wounded, 71% to hit)
The searing ray misses Duvessa.
The searing ray hits Dowan!
Dowan is moderately wounded. (Press . to maintain the ray.) Dowan misses you.
Duvessa hits you with a +0 short sword. Dowan gestures at you while chanting.
The puff of frost hits you!
There is an escape hatch in the floor here.
Casting: Searing Ray (safe; 1% risk of failure)
Confirm with . or Enter, or press ? or * to list all spells.
Aiming: Searing Ray (safe; 1% risk of failure)
Press: ? - help, Shift-Dir - straight line, f/p - Dowan
Aim: Dowan, wielding a +0 trident and wearing a +0 robe (moderately wounded, 71% to hit)
The searing ray hits Duvessa but does no damage.
Duvessa is severely wounded.
The searing ray hits Dowan!
Dowan is severely wounded. (Press . to maintain the ray.) Dowan points at Duvessa and mumbles some strange words.
Duvessa seems to speed up.
Duvessa hits you with a +0 short sword.
Dowan points at you and mumbles some strange words.
The puff of flame hits you!
You die...

.............##..............###
.......>......#.##.............#
...........#.####.............##
...........### ##.##..##....##
#...........## ##...###..###
#.......###..## ####.## #...##
..............###.....# ###..#
.#......#......##.....###....#
###....###......@..>.e.......#
.##.....#....##..e..#.....#.##
..##....#....##...##...#.####
.....#........#........###
....##....#...###......#
.##.###.#..#...........# #####
##...#..........##
##..##...#.##### #########.#


You could see Duvessa (fast) and Dowan.

Vanquished Creatures
  A bullfrog (D:4)
  3 wights (D:4)
  A bullfrog skeleton (D:4)
  A centaur skeleton (D:4)
  2 jellies (D:4)
  An iguana (D:3)
  Ijyb (D:3)
  Robin (D:2)
  6 adders
  An adder zombie (D:3)
  5 dart slugs
  An orc (D:4)
  5 endoplasms
  4 giant cockroaches
  9 hobgoblins
  2 jackals (D:3)
  7 kobolds
  3 quokkas
  7 ball pythons
  6 bats
  2 frilled lizards
  A giant cockroach zombie (D:3)
  14 goblins
  4 rats
88 creatures vanquished.

Vanquished Creatures (others)
  9 plants (D:4)
  A withered plant (D:3)
10 creatures vanquished.

Grand Total: 98 creatures vanquished

Notes
Turn   | Place    | Note
-------+----------+-------------------------------------------
     0 | D:1      | Zeld the Draconian Conjurer began the quest for the Orb.
     0 | D:1      | Reached XP level 1. HP: 14/14 MP: 3/3
   129 | D:1      | Found a faded altar of an unknown god.
   148 | D:1      | Reached XP level 2. HP: 18/22 MP: 0/5
   218 | D:1      | Learned a level 2 spell: Searing Ray
  1126 | D:2      | Reached XP level 3. HP: 23/27 MP: 0/6
  1422 | D:2      | Reached skill level 1 in Fighting
  1927 | D:2      | Noticed Robin
  1956 | D:2      | HP: 1/28 [Robin/+0 dagger (3)]
  2043 | D:2      | Reached XP level 4. HP: 9/35 MP: 0/7
  2276 | D:2      | Killed Robin
  3199 | D:3      | Noticed Ijyb
  3236 | D:3      | Paralysed by Ijyb for 3 turns
  3241 | D:3      | Paralysed by Ijyb for 5 turns
  3259 | D:3      | Paralysed by Ijyb for 3 turns
  3264 | D:3      | Paralysed by Ijyb for 2 turns
  3286 | D:3      | Paralysed by Ijyb for 6 turns
  3296 | D:3      | Killed Ijyb
  3297 | D:3      | Reached skill level 5 in Conjurations
  3297 | D:3      | Reached XP level 5. HP: 11/41 MP: 0/8
  4678 | D:4      | Reached XP level 6. HP: 48/48 MP: 5/10
  4741 | D:4      | Learned a level 4 spell: Fulminant Prism
  4746 | D:4      | Learned a level 4 spell: Iskenderun's Mystic Blast
  5333 | D:4      | Reached skill level 6 in Conjurations
  5586 | D:4      | Noticed Duvessa
  5586 | D:4      | Noticed Dowan
  5647 | D:4      | Killed from afar by Dowan

Illustrated notes

Levels and vault maps discovered:
D:1:      dpeg_arrival_yet_another_circle, layout_basic,
          hellmonk_ecumenical_altar_run_dry
D:2:      layout_loops_corners, eino_tiny_chamber, kennysheep_big_empty_room,
          minmay_misc_feat_tiny, grunt_ministairs_13, minmay_misc_feat_chi,
          uniq_robin
D:3:      layout_loops_ring, serial_undead, serial_undead_b, serial_undead_e,
          serial_undead_c, serial_undead_e, uniq_ijyb
D:4:      minmay_chambers_of_threes, layout_cave_pools, serial_bayou_pond_a,
          uniq_duvessa

Skill      XL: |  1  2  3  4  5  6 |
---------------+-------------------+-----
Stealth        | 2 3 |  3.0
Dodging        | 2 3 |  3.0
Fighting       | 1 2 |  2.8
Conjurations   | 5 6 |  6.0
Spellcasting   | 3 |  3.3
Hexes          | |  0.7
Translocations | |  0.9

Action                   |  1- 3 |  4- 6 || total
-------------------------+-------+-------++-------
Melee: Unarmed           |    19 |    81 ||   100
       Tailslap          |     1 |    22 ||    23
       Punch             |       |     2 ||     2
 Cast: Magic Dart        |    79 |    93 ||   172
       Searing Ray       |     4 |    20 ||    24
Armor: Skin              |    22 |    57 ||    79
Dodge: Dodged            |    34 |    81 ||   115
